 Dungeon Crawl Stone Soup version 0.30.1-11-g7821555f0a (webtiles) character file.

Game seed: 6830855706379718114

89041 Eryximachus the Geomancer (level 15, 96/96 HPs)
             Began as a Gargoyle Earth Elementalist on Nov 28, 2023.
             Was an Initiate of Gozag.
             Quit the game on level 10 of the Dungeon on Nov 30, 2023.
             The game lasted 02:46:09 (53037 turns).

Eryximachus the Geomancer (GrEE)                   Turns: 53037, Time: 02:46:10

Health: 96/96      AC: 25    Str: 12    XL:     15   Next: 96%
Magic:  27/27      EV: 19    Int: 23    God:    Gozag
Gold:   1291       SH:  4    Dex: 20    Spells: 16/30 levels left

rFire   . . .        a - +8 whip of the Indestructible God {venom, rCorr Stlth+}
rCold   . . .        w - +0 buckler
rNeg    + + .        f - +2 leather armour of Morality {rN+ Dex+4}
rPois   ∞            K - +2 helmet
rElec   +            Y - +2 cloak
rCorr   +            i - +0 pair of gloves
SInv    .            B - +0 pair of boots
Will    +....        o - amulet of the acrobat
Stlth   +++++        D - +6 ring of dexterity
HPRegen 0.36/turn    E - +5 ring of evasion
MPRegen 0.20/turn

%: acrobat
@: flying
A: sickness immunity, AC +11, big wings, negative energy resistance 1,
electricity resistance, torment resistance 1, petrification resistance
a: Renounce Religion, Potion Petition, Call Merchant, Bribe Branch


You were on level 10 of the Dungeon.
You worshipped Gozag.
Gozag was most pleased with you.
You visited 5 branches of the dungeon, and saw 21 of its levels.
You also visited: Sewer and Ice Cave.

You collected 7270 gold pieces.
You spent 586 gold pieces at shops.
You paid 5393 gold pieces to Gozag.


Innate Abilities, Weirdness & Mutations

You are immune to sickness and miasma.
Your stone body is resilient. (AC +11)
You are immune to poison.
Your large and strong wings let you fly.
You resist negative energy. (rN+)
You are resistant to electric shocks. (rElec)
You are resistant to unholy torment.
You are immune to petrification.


   Skills:
 - Level 12.0 Fighting
 + Level 11.5 Maces & Flails
 - Level 4.0 Armour
 - Level 5.0 Dodging
 - Level 8.0 Stealth
 * Level 0.0 Shields
 - Level 8.0 Spellcasting
 - Level 10.0 Conjurations
 - Level 8.0 Summonings
 - Level 7.0 Transmutations
 - Level 13.0 Earth Magic
 - Level 8.0 Evocations


You had 16 spell levels left.
You knew the following spells:

 Your Spells              Type           Power      Damage    Failure   Level
a - Passwall              Tmut/Erth      44%        N/A       1%          2
p - Petrify               Tmut/Erth      53%        N/A       1%          4
w - Stone Arrow           Conj/Erth      100%       3d13      1%          3
z - Sandblast             Erth           100%       2d20      1%          1
X - Animate Armour        Summ/Erth      100%       N/A       1%          4

Your spell library contained the following spells:

 Spells                   Type           Power      Damage    Failure   Level
 Kiss of Death            Conj/Necr      100%       2d13      1%          1
 Magic Dart               Conj           100%       1d8       1%          1
 Summon Small Mammal      Summ           100%       N/A       1%          1
 Searing Ray              Conj           100%       2d8       1%          2
 Call Canine Familiar     Summ           46%        N/A       1%          3
 Hailstorm                Conj/Ice       32%        3d8       4%          3
 Summon Guardian Golem    Hex/Summ       27%        N/A       8%          3
 Apportation              Tloc           18%        N/A       13%         1
 Flame Wave               Conj/Fire      32%        2d9       16%         4
 Fulminant Prism          Conj/Hex       16%        3d10      16%         4
 Sticky Flame             Conj/Fire      32%        2d5       16%         4
 Blade Hands              Tmut           20%        N/A       21%         5
 Ice Form                 Ice/Tmut       25%        N/A       30%         4
 Confusing Touch          Hex            9%         N/A       36%         3
 Gell's Gravitas          Tloc           9%         N/A       36%         3
 Inner Flame              Hex/Fire       9%         N/A       36%         3
 Ozocubu's Armour         Ice            9%         N/A       36%         3
 Portal Projectile        Hex/Tloc       18%        N/A       36%         3
 Tukima's Dance           Hex            9%         N/A       36%         3
 Summon Forest            Summ/Tloc      13%        N/A       56%         5
 Alistair's Intoxication  Tmut/Pois      16%        N/A       63%         5
 Dispel Undead            Necr           9%         3d8       77%         4
 Metabolic Englaciation   Hex/Ice        4%         N/A       98%         5
 Eringya's Noxious Bog    Tmut/Pois      12%        N/A       99%         6
 Death Channel            Necr           4%         N/A       100%        6
 Lehudib's Crystal Spear  Conj/Erth      29%        10d8      100%        8
 Cigotuvi's Dreadful Rot  Necr/Pois/Air  Unusable   N/A       N/A         2
 Simulacrum               Ice/Necr       Unusable   N/A       N/A         6

Inventory:

Hand Weapons
 a - the +8 whip of the Indestructible God (weapon) {venom, rCorr Stlth+}
   (You found it on level 3 of the Dungeon)

   rCorr:     It protects you from acid and corrosion.
   Stlth:     It makes you more stealthy.
Missiles
 c - 45 poisoned darts (quivered)
 C - 2 curare-tipped darts {=f}
Armour
 f - the +2 leather armour of Morality (worn) {rN+ Dex+4}
   (You found it on level 2 of the Lair of Beasts)

   Dex:       It affects your dexterity (+4).
   rN:        It protects you from negative energy.
 i - a +0 pair of gloves (worn)
 w - a +0 buckler (worn)
 B - a +0 pair of boots (worn)
 K - a +2 helmet (worn)
 V - an orb of energy
 Y - a +2 cloak (worn)
Magical Staves
 b - a staff of earth {!a}
 N - a staff of conjuration {!a}
 S - the staff of cold "Pigemob" {rPois rC+, !a}
   (You found it on level 4 of the Lair of Beasts)

   [staff of cold]

   Base accuracy: +5 Base damage: 5 Base attack delay: 1.2 This weapon's minimum
   attack delay (0.6) is reached at skill level 12.
   rC:        It protects you from cold.
   rPois:     It protects you from poison.
   It falls into the 'Staves' category.
   It is a one-handed weapon.
Jewellery
 d - a +6 ring of dexterity
 o - an amulet of the acrobat (around neck)
 v - a ring of see invisible
 D - a +6 ring of dexterity (left hand)
 E - a +5 ring of evasion (right hand)
 W - a ring of willpower
Wands
 q - a wand of iceblast (24)
 J - a wand of acid (7)
 O - a wand of paralysis (11)
 Q - a wand of mindburst (6)
 T - a wand of flame (40)
Scrolls
 e - 2 scrolls of magic mapping
 h - 2 scrolls of amnesia {unknown}
 l - a scroll of blinking
 m - 3 scrolls of poison
 p - 2 scrolls of enchant armour {unknown}
 r - 4 scrolls of teleportation {@r2}
 s - a scroll of silence {unknown}
 t - 2 scrolls of enchant weapon {unknown}
 y - 5 scrolls of vulnerability {unknown}
 z - 2 scrolls of fear
 I - 4 scrolls of identify {@r1}
 R - 2 scrolls of fog
 U - 2 scrolls of brand weapon
Potions
 g - 3 potions of brilliance
 j - 8 potions of curing {@q1}
 k - 4 potions of might
 n - 3 potions of haste {@q3}
 u - 6 potions of magic
 x - 3 potions of invisibility
 A - 3 potions of attraction
 F - 2 potions of resistance
 G - 4 potions of mutation
 H - 8 potions of lignification
 L - 3 potions of cancellation
 M - 6 potions of ambrosia
 X - 7 potions of heal wounds {@q2}
 Z - a potion of flight

Dungeon Overview and Level Annotations

Branches:
Dungeon (12/15)            Temple (1/1) D:4            Lair (5/5) D:10
  Swamp (1/4) Lair:3       Spider (0/4) Lair:2        Slime (0/5) Lair:5
    Orc (2/2) D:9             Elf (0/3) Orc:2         Sewer (visited)
  IceCv (visited)

Altars:
Ashenzari
Elyvilon
Fedhas
Gozag
Hepliaklqana
Makhleb
Okawaru
Qazlal
Ru
Trog
Uskayaw
Vehumet
Xom
Yredelemnul
Zin
The Shining One
Jiyva

Shops:
D:3 :   D:9 ***   D:10 :=[*   D:11 ?*[   Orc:2 ![((

Annotations:
D:1 1 transporter
D:6 1 runed translucent door, auo's ghost, novice TrTm
D:11 exclusion: upstairs

≈≈≈≈≈≈≈≈≈≈### #.# ≈≈≈≈≈≈≈≈≈~≈~#
#.# ≈≈≈≈≈≈≈≈~~.## #.#
≈≈≈≈≈≈≈≈≈..# #.# ≈≈≈≈≈≈≈~..# #.#
#########.# #.# #.# #.#
#####.########.#
######......>∩∩∩@...#
..........<.#######.#
#.#####.#....# #.# ..#
##.#.##.## #.#
..####.....#..#####.############
..##...▓▓▓.....#...............#
.^#..▒▓▓ ▓▓▒...................#
..#.▓▓♣...♣▓▓..................#
#...▓).....)▓..................#


There were no monsters in sight!


Message History

There is a staircase to the Lair here.
Use which ability? (? or * to list) [a] 762 gold - Lienn's Book Boutique [b] 403 gold - Pitodosm's Armour Boutique [c] 770 gold - Tuokaof's Weapon Shoppe Fund which merchant?
Lienn invites you to visit their Book Boutique.
You can access your shopping list by pressing '$'.
Okay, then.
Use which ability? (? or * to list) [a] 886 gold - Xyiroqy's Jewellery Shop [b] 810 gold - Poefo's Distillery [c] 797 gold - Makadgh's General Store Fund which merchant?
Xyiroqy invites you to visit their Jewellery Shop.
Use which ability? (? or * to list) [a] 1111 gold - Yvom's Antique Armour Emporium [b] 988 gold - Royn's Magic Scroll Emporium [c] 714 gold - Modoowy's Weapon Emporium Fund which merchant?
You no longer have enough gold to bribe branches to halt enemies' attacks and recruit allies.
Yvom invites you to visit their Antique Armour Emporium.
Use which ability? (? or * to list) [a] 1130 gold - Sarr's General Store [b] 1359 gold - Moihimec's Antique Armour Shoppe [c] 903 gold - Jacaseg's Antique Weapon Shoppe Fund which merchant?
You no longer have enough gold to fund merchants seeking to open stores in the dungeon.
Sarr invites you to visit their General Store.
Are you sure you want to abandon this character and quit the game? (Confirm with "yes".)

Skill      XL: |  1  2  3  4  5  6  7  8  9 10 11 12 13 14 15 |
---------------+----------------------------------------------+-----
Transmutations | 1 2 4 6 7 |  7.0
Earth Magic    | 4 6 9 11 12 13 | 13.0
Dodging        | 2 5 |  5.0
Stealth        | 3 6 8 |  8.0
Fighting       | 2 3 5 7 8 10 12 | 12.0
Conjurations   | 2 4 5 6 7 9 10 | 10.0
Maces & Flails | 2 3 4 6 8 10 11 | 11.5
Spellcasting   | 3 4 5 7 8 |  8.0
Summonings     | 3 6 7 8 |  8.0
Armour         | 2 4 |  4.0
Evocations     | 2 5 8 |  8.0

Action                     |  1- 3 |  4- 6 |  7- 9 | 10-12 | 13-15 || total
---------------------------+-------+-------+-------+-------+-------++-------
  Melee: Club              |     5 |       |       |       |       ||     5
         Dagger            |     6 |       |       |       |       ||     6
         Short sword       |     3 |     2 |       |       |       ||     5
         Whip              |       |    91 |   101 |   264 |  1028 ||  1484
         Punch             |       |     1 |     1 |     3 |    16 ||    21
         Staff             |       |       |       |       |     5 ||     5
  Throw: Dart              |     1 |       |    29 |    16 |    19 ||    65
   Cast: Sandblast         |    46 |    47 |    92 |   264 |   367 ||   816
         Stone Arrow       |       |       |    17 |    99 |   130 ||   246
         Passwall          |       |       |     1 |     2 |       ||     3
         Petrify           |       |       |       |    15 |    70 ||    85
         Animate Armour    |       |       |       |    12 |    10 ||    22
 Invoke: Potion Petition   |       |       |       |     1 |     3 ||     4
         Call Merchant     |       |       |       |       |     4 ||     4
  Evoke: Wand              |       |       |       |       |     8 ||     8
    Use: Scroll            |     3 |       |     5 |    10 |     6 ||    24
         Potion            |       |       |       |     5 |     1 ||     6
   Stab: Sleeping          |     2 |     6 |     1 |     1 |     1 ||    11
         Distracted        |       |     1 |       |     1 |     3 ||     5
         Petrified         |       |       |       |    38 |   133 ||   171
         Petrifying        |       |       |       |     2 |    14 ||    16
 Armour: Robe              |     5 |    33 |    47 |    61 |       ||   146
         Steam dragon scal |       |       |       |    97 |       ||    97
         Leather armour    |       |       |       |     1 |   395 ||   396
  Dodge: Dodged            |     8 |    51 |    68 |   262 |  1093 ||  1482

Levels and vault maps discovered:
D:1:      spicycebolla_arrival_risky_transporter, layout_rooms,
          hellmonk_ecumenical_altar_inner_sanctum, roderic_lattice_a,
          amcnicky_mini_rare_corridor_liquid
D:2:      layout_loops_ring, chequers_serial_rivers_room_b, minmay_box_of_dots
D:3:      layout_rooms, nicolae_shop_vocational, uniq_natasha, uniq_grinder,
          uniq_ijyb
D:4:      layout_loops_corners, minmay_temple_entry_fiery, portal_sewer_entry_f,
          minmay_rat_hole
D:5:      layout_basic, gammafunk_ghost_hive, minmay_puff, uniq_duvessa
D:6:      layout_rooms, ebering_ghost_inner_flame
D:7:      layout_basic, uniq_maggie, uniq_prince_ribbit1
D:8:      layout_cave_pods, moated_statue
D:9:      layout_rooms, orc_0_dummy, serial_shops, nicolae_stop_n_shop_2,
          special_room [special_room_orc], nicolae_wooded_promenade
D:10:     cheibrodos_iron_armory, layout_basic, jmf_multi_god_temple
D:11:     layout_loops_ring, serial_aquarium, aquarium_bridge_square
          [aquarium_subvault_bridge, aquarium_subvault_window,
          aquarium_subvault_balcony, aquarium_subvault_bridge],
          aquarium_window_fake, aquarium_window_1, aquarium_window_2,
          aquarium_window_3, aquarium_view_2f, aquarium_balcony_3b,
          serial_shops, nicolae_take_the_stairs, nicolae_shop_rolled_up,
          nicolae_shop_rolling_square
D:12:     layout_loops_corners, serial_ice, serial_ice_f, serial_ice_g,
          serial_ice_b, serial_ice_m, serial_ice_k, portal_ice_cave_entry_imps,
          dreamdust_mushroom_princess, nicolae_uskayaw_dance_hall
Temple:   nicolae_temple_bog_church
Lair:1:   wander_river, layout_cave_pods, chequers_serial_rivers_micro_a,
          lemuel_fruit_tree, uniq_fannar
Lair:2:   layout_regular_city, spider_nest_entry_a,
          nicolae_quartered_pool_medium, grunt_megastairs_4,
          infiniplex_staircase_pool
Lair:3:   layout_regular_city, swamp_mist_pool, grunt_megastairs_2, uniq_rupert
Lair:4:   minmay_lair_oklob_tunnel, layout_cave_pods, minmay_lair_oklob_items
Lair:5:   minmay_lair_end_frog_pond, layout_regular_city, slime_entry_1,
          gauntlet_entry_generic
Swamp:1:  layout_falls_marsh, nicolae_swamp_some_circles
Orc:1:    layout_caves
Orc:2:    st_orc_ogre_mass, layout_caves, mines2_david, uniq_urug, uniq_sonja

Notes
Turn   | Place    | Note
-------+----------+-------------------------------------------
     0 | D:1      | Eryximachus the Gargoyle Earth Elementalist began the quest
                  | for the Orb.
     0 | D:1      | Reached XP level 1. HP: 10/10 MP: 3/3
   302 | D:1      | Reached skill level 1 in Transmutations
   459 | D:1      | Reached XP level 2. HP: 15/15 MP: 3/5
   583 | D:1      | Learned a level 2 spell: Passwall
  1062 | D:1      | Reached skill level 4 in Earth Magic
  1146 | D:1      | Reached skill level 2 in Dodging
  1379 | D:1      | Reached XP level 3. HP: 20/20 MP: 4/6
  1496 | D:1      | Reached skill level 3 in Stealth
  1502 | D:1      | Reached skill level 1 in Fighting
  1822 | D:1      | Found a faded altar of an unknown god.
  2281 | D:2      | Reached skill level 2 in Fighting
  2285 | D:2      | Learned a level 3 spell: Stone Arrow
  2480 | D:2      | Reached XP level 4. HP: 27/27 MP: 5/7
  2827 | D:3      | Noticed Natasha
  2874 | D:3      | Killed Natasha
  2875 | D:3      | Reached skill level 3 in Fighting
  2875 | D:3      | Reached skill level 1 in Conjurations
  2932 | D:3      | Reached skill level 2 in Conjurations
  2932 | D:3      | Reached XP level 5. HP: 29/32 MP: 1/8
  3009 | D:3      | Identified the +8 whip of the Indestructible God {venom,
                  | rCorr Stlth+}
  3009 | D:3      | Noticed Ijyb
  3225 | D:3      | Reached skill level 3 in Conjurations
  3494 | D:3      | Noticed Natasha
  3494 | D:3      | Found Ugys's Vocational Training.
  3501 | D:3      | Killed Natasha
  3677 | D:3      | Noticed Grinder
  3789 | D:4      | Found a glowing drain.
  3818 | Sewer    | Entered a sewer
  3845 | Sewer    | Noticed a kobold brigand
  3845 | Sewer    | Noticed a kobold brigand
  3855 | Sewer    | Killed a kobold brigand
  3856 | Sewer    | Reached skill level 4 in Conjurations
  3856 | Sewer    | Reached skill level 2 in Maces & Flails
  3856 | Sewer    | Reached XP level 6. HP: 36/37 MP: 6/9
  4102 | Sewer    | Reached skill level 3 in Maces & Flails
  4156 | Sewer    | Reached skill level 3 in Spellcasting
  4156 | Sewer    | Reached XP level 7. HP: 35/41 MP: 8/12
  4443 | D:4      | Found a staircase to the Ecumenical Temple.
  4449 | Temple   | Entered the Ecumenical Temple
  4479 | Temple   | Became a worshipper of Gozag Ym Sagoz the Greedy
  4644 | D:4      | Reached skill level 4 in Spellcasting
  4849 | D:4      | Reached skill level 5 in Earth Magic
  5469 | D:5      | Entered Level 5 of the Dungeon
  5618 | D:5      | Identified a potion of resistance
  5928 | D:5      | Reached skill level 6 in Earth Magic
  6044 | D:5      | Reached XP level 8. HP: 46/46 MP: 10/14
  6426 | D:5      | Noticed Duvessa
  6426 | D:5      | Noticed Dowan
  6453 | D:5      | Found a transporter.
  6457 | D:5      | Reached skill level 5 in Conjurations
  6509 | D:5      | Noticed booth's ghost (amateur HOMo)
  6659 | D:5      | Found a transporter.
  6944 | D:5      | Reached skill level 4 in Fighting
  7002 | D:5      | Reached skill level 5 in Fighting
  7007 | D:5      | Learned a level 4 spell: Petrify
  7553 | D:6      | Reached skill level 4 in Stealth
  7567 | D:6      | Found a runed translucent door.
  7569 | D:6      | Noticed auo's ghost (novice TrTm)
  7570 | D:6      | Noticed a wraith
  7628 | D:6      | Reached skill level 4 in Maces & Flails
  7765 | D:6      | Reached skill level 5 in Stealth
  8076 | D:7      | Noticed a wyvern
  8085 | D:7      | Killed a wyvern
  8086 | D:7      | Reached skill level 6 in Stealth
  8086 | D:7      | Reached skill level 2 in Transmutations
  8086 | D:7      | Reached XP level 9. HP: 54/54 MP: 11/15
  8233 | D:7      | Reached skill level 3 in Transmutations
  8319 | D:7      | Noticed Prince Ribbit
  8441 | D:7      | Killed Prince Ribbit
  8442 | D:7      | Reached skill level 4 in Transmutations
  8575 | D:7      | Noticed Maggie
  8797 | D:7      | Reached skill level 5 in Spellcasting
  9067 | D:7      | Reached skill level 7 in Earth Magic
  9657 | D:8      | Reached skill level 8 in Earth Magic
  9698 | D:8      | Reached skill level 9 in Earth Magic
  9706 | D:8      | Reached skill level 6 in Conjurations
  9706 | D:8      | Reached XP level 10. HP: 57/59 MP: 15/17
  9998 | D:8      | You fall into a shaft and drop 2 floors!
  9998 | D:10     | Entered Level 10 of the Dungeon
  9998 | D:10     | Found a blossoming altar of Fedhas.
  9998 | D:10     | Found a sacrificial altar of Ru.
 10000 | D:10     | Noticed a two-headed ogre
 10424 | D:9      | Found Uprosie's General Store.
 10428 | D:9      | Found Jurerphya's General Store.
 10455 | D:9      | Bought a scroll of identify for 34 gold pieces
 10468 | D:9      | Reached skill level 7 in Conjurations
 10667 | D:9      | Found a staircase to the Orcish Mines.
 10761 | D:9      | Found Jesoju's Assorted Antiques.
 11163 | D:3      | Noticed Natasha
 11185 | D:3      | Killed Natasha
 11194 | D:3      | Killed Grinder
 11233 | D:3      | Killed Ijyb
 11764 | D:4      | Learned a level 4 spell: Animate Armour
 12821 | D:5      | Killed Duvessa
 12827 | D:5      | Killed Dowan
 13338 | D:5      | Found a transporter.
 13338 | D:5      | Found a transporter.
 13534 | D:5      | Reached skill level 1 in Summonings
 13536 | D:5      | Reached skill level 6 in Fighting
 13536 | D:5      | Reached skill level 5 in Maces & Flails
 13553 | D:5      | Killed booth's ghost
 13788 | D:7      | Killed Maggie
 13789 | D:7      | Reached skill level 2 in Summonings
 15597 | D:9      | Reached skill level 6 in Maces & Flails
 15597 | D:9      | Reached skill level 3 in Summonings
 15728 | D:9      | Reached skill level 7 in Fighting
 15879 | D:9      | Bought a scroll of identify for 66 gold pieces
 15933 | D:9      | Identified the +3 scale mail of Ulonless {Slay+5}
 16317 | D:10     | Reached XP level 11. HP: 67/67 MP: 14/18
 16351 | D:10     | Reached skill level 4 in Summonings
 16698 | D:10     | Killed a two-headed ogre
 16699 | D:10     | Reached skill level 8 in Fighting
 16699 | D:10     | Reached skill level 7 in Maces & Flails
 16929 | D:10     | Found a staircase to the Lair.
 17282 | D:10     | Noticed a two-headed ogre
 17292 | D:10     | Killed a two-headed ogre
 17301 | D:10     | Reached skill level 5 in Summonings
 18411 | D:11     | Noticed a manticore
 18418 | D:11     | Killed a manticore
 18674 | D:11     | Found Qiol's Armour Emporium.
 18679 | D:11     | Bought an orb of energy for 224 gold pieces
 18722 | D:11     | Noticed a two-headed ogre
 18741 | D:11     | Killed a two-headed ogre
 18742 | D:11     | Reached skill level 6 in Summonings
 18973 | D:11     | Found Luhakom's General Store.
 18983 | D:11     | Noticed a cyclops
 19027 | D:11     | Killed a cyclops
 19028 | D:11     | Reached skill level 1 in Armour
 19489 | D:11     | Reached skill level 1 in Evocations
 19612 | D:11     | Found Logussol's Magic Scroll Shop.
 19842 | D:11     | Bought a scroll of fog for 68 gold pieces
 19842 | D:11     | Bought a scroll of noise for 17 gold pieces
 19842 | D:11     | Bought a scroll of identify for 34 gold pieces
 20213 | D:12     | Noticed a cyclops
 20230 | D:12     | Killed a cyclops
 20231 | D:12     | Reached skill level 8 in Maces & Flails
 20231 | D:12     | Reached skill level 2 in Armour
 20287 | D:12     | Found a hide-covered altar of Uskayaw.
 20337 | D:12     | Reached skill level 2 in Evocations
 20468 | D:12     | Reached XP level 12. HP: 60/73 MP: 2/19
 20498 | D:12     | Found a frozen archway.
 20543 | D:12     | Reached skill level 3 in Dodging
 20543 | D:12     | Reached skill level 7 in Stealth
 20585 | IceCv    | Entered an ice cave
 20706 | IceCv    | Reached skill level 3 in Armour
 21719 | IceCv    | Noticed a white draconian
 21863 | IceCv    | Reached skill level 10 in Earth Magic
 21863 | IceCv    | Reached skill level 3 in Evocations
 21910 | IceCv    | Killed a white draconian
 22546 | D:12     | Reached skill level 4 in Armour
 22851 | D:12     | Noticed a two-headed ogre
 22854 | D:12     | Noticed a death yak
 22930 | D:11     | Bought a potion of heal wounds for 55 gold pieces
 22930 | D:11     | Bought a potion of mutation for 88 gold pieces
 23059 | Lair:1   | Entered Level 1 of the Lair of Beasts
 23268 | Lair:1   | Reached skill level 4 in Dodging
 23268 | Lair:1   | Reached skill level 8 in Stealth
 23507 | Lair:1   | Noticed Fannar
 23856 | Lair:1   | Killed Fannar
 23857 | Lair:1   | Reached skill level 4 in Evocations
 25172 | Lair:1   | Reached skill level 11 in Earth Magic
 25424 | Lair:2   | Reached skill level 5 in Dodging
 25424 | Lair:2   | Reached skill level 5 in Evocations
 26495 | Lair:2   | Identified the +2 leather armour of Morality {rN+ Dex+4}
 26518 | Lair:2   | Found a hole to the Spider Nest.
 26530 | Lair:2   | Reached XP level 13. HP: 59/78 MP: 13/21
 27192 | Lair:3   | Noticed Rupert
 27392 | Orc:1    | Entered Level 1 of the Orcish Mines
 28182 | Orc:2    | Entered Level 2 of the Orcish Mines
 28771 | Orc:1    | Reached skill level 5 in Transmutations
 28968 | Orc:1    | Reached skill level 8 in Conjurations
 28978 | Orc:1    | Reached skill level 6 in Spellcasting
 28985 | Orc:2    | Noticed Urug
 28993 | Orc:2    | Noticed Sonja
 29234 | Orc:2    | Killed Urug
 29350 | Orc:2    | Killed Sonja
 29456 | Orc:2    | Reached skill level 9 in Maces & Flails
 29620 | Orc:2    | Found a staircase to the Elven Halls.
 30320 | Orc:2    | Paralysed by an ogre mage for 3 turns
 30325 | Orc:2    | Paralysed by something for 5 turns
 30646 | Orc:2    | Paralysed by an ogre mage for 2 turns
 30927 | Orc:2    | Reached skill level 9 in Conjurations
 31045 | Orc:2    | Reached skill level 7 in Spellcasting
 31045 | Orc:2    | Reached skill level 6 in Transmutations
 31806 | Orc:2    | Reached skill level 10 in Maces & Flails
 31806 | Orc:2    | Gained mutation: Your large and strong wings let you fly.
                  | [Gargoyle growth]
 31806 | Orc:2    | Reached XP level 14. HP: 84/84 MP: 4/25
 32094 | Orc:2    | Reached skill level 10 in Conjurations
 32272 | Orc:2    | Reached skill level 8 in Spellcasting
 32457 | Orc:2    | Found Ryqyrr's Weapon Shop.
 32457 | Orc:2    | Found Etoall's Antique Weapon Shoppe.
 32458 | Orc:2    | Found Genaucsymio's Distillery.
 32458 | Orc:2    | Found Astraotu's Antique Armour Shop.
 37170 | Lair:4   | Reached skill level 9 in Fighting
 37936 | Lair:4   | Identified the staff of cold "Pigemob" {rPois rC+}
 38110 | Lair:5   | Entered Level 5 of the Lair of Beasts
 38362 | Lair:5   | Reached skill level 7 in Summonings
 38499 | Lair:5   | Reached skill level 12 in Earth Magic
 38524 | Lair:5   | Reached skill level 7 in Transmutations
 38644 | Lair:5   | Found a viscous altar of Jiyva.
 39254 | Lair:4   | Reached skill level 10 in Fighting
 39588 | Lair:5   | Reached XP level 15. HP: 69/92 MP: 24/27
 39635 | Lair:5   | Reached skill level 8 in Summonings
 39770 | Lair:5   | Reached skill level 13 in Earth Magic
 39932 | Lair:5   | Identified the +3 giant club "Tump" {flame, rN+}
 39976 | Lair:4   | Reached skill level 11 in Fighting
 41911 | Lair:2   | Reached skill level 12 in Fighting
 42503 | Lair:2   | Found a hole to the Spider Nest.
 42979 | Lair:3   | Paralysed by Rupert for 4 turns
 43982 | Lair:3   | Found a staircase to the Swamp.
 44057 | Lair:3   | Got the Spellbook of Transmogrification and Elsewhere
 44230 | Lair:3   | Paralysed by Rupert for 3 turns
 44245 | Lair:3   | Paralysed by Rupert for 2 turns
 44733 | Lair:2   | Found a hole to the Spider Nest.
 46381 | Lair:2   | Paralysed by Rupert for 3 turns
 46388 | Lair:2   | Killed Rupert
 46389 | Lair:2   | Reached skill level 6 in Evocations
 46567 | Lair:2   | Found a hole to the Spider Nest.
 48170 | Lair:5   | Found a staircase to the Slime Pits.
 48650 | Lair:5   | Reached skill level 7 in Evocations
 50323 | Swamp:1  | Entered Level 1 of the Swamp
 50657 | Lair:3   | Reached skill level 8 in Evocations
 52190 | Swamp:1  | Reached skill level 11 in Maces & Flails
 53037 | D:10     | Quit the game

Vanquished Creatures
  Rupert (Lair:2)
  2 bunyips
  A white draconian (IceCv)
  2 hydras (Lair:5)
  A spriggan air mage (Swamp:1)
  Fannar (Lair:1)
  4 ogre magi (Orc:2)
  19 death yaks
  4 alligators
  A catoblepas (Lair:5)
  Urug (Orc:2)
  17 two-headed ogres
  A spriggan (Swamp:1)
  Sonja (Orc:2)
  5 skysharks
  3 goliath frogs
  An orc knight (Orc:1)
  2 swamp dragons (Swamp:1)
  A bog body (Swamp:1)
  5 oklob plants (Lair:4)
  A will-o-the-wisp (Swamp:1)
  An orc sorcerer (Orc:2)
  3 cyclopes
  A manticore (D:11)
  7 elephants
  24 cane toads
  4 black mambas
  2 ice statues (IceCv)
  Maggie (D:7)
  A gargoyle (D:10)
  7 komodo dragons
  6 rime drakes
  The ghost of booth the Chopper, an amateur HOMo (D:5)
  4 tyrant leeches
  4 trolls
  2 polar bears
  Grinder (D:3)
  A hornet (Swamp:1)
  Prince Ribbit (D:7)
  27 blink frogs
  4 dream sheep
  2 jumping spiders (Lair:2)
  4 wraiths
  A centaur simulacrum (D:12)
  5 basilisks
  3 wyverns
  37 yaks
  2 steam dragons
  A swamp worm (Swamp:1)
  2 redbacks (Lair:2)
  2 wargs (Orc:1)
  12 vampire mosquitoes
  10 water moccasins
  An acid dragon (D:11)
  A swamp drake (Swamp:1)
  Duvessa (D:5)
  A meliai simulacrum (D:12)
  12 orc warriors
  4 ice beasts
  2 sky beasts
  2 black bears (Lair:1)
  26 ogres
  2 boggarts (D:12)
  3 wolves (Lair:5)
  2 centaurs
  4 kobold brigands
  16 bullfrogs
  2 scorpions
  9 wights
  Dowan (D:5)
  4 lindwurm simulacra (IceCv)
  9 killer bees
  5 electric eels
  A howler monkey (D:11)
  8 hounds
  A jelly (D:4)
  17 orc priests
  7 komodo dragon simulacra (IceCv)
  2 sleepcaps
  Ijyb (D:3)
  Natasha (thrice) (D:3)
  10 iguanas
  18 orc wizards
  14 adders
  4 gnolls (D:4)
  5 acid dragon simulacra (IceCv)
  2 river rats (Sewer)
  A shadow imp (D:7)
  18 white imps
  An ufetubus (D:5)
  4 steam dragon simulacra (IceCv)
  4 worms
  2 dart slugs
  81 orcs
  6 ball pythons
  6 bats
  8 endoplasms
  6 giant cockroaches
  7 goblins
  5 hobgoblins
  5 jackals (D:5)
  19 kobolds
  8 quokkas
  3 frilled lizards
  27 rats
668 creatures vanquished.

Vanquished Creatures (collateral kills)
  A two-headed ogre (D:10)
  A cane toad (Lair:5)
  A rime drake (Lair:5)
  An ogre (Orc:2)
  An electric eel (D:10)
  An orc priest (D:10)
  2 orc wizards
  A steam dragon simulacrum (IceCv)
9 creatures vanquished.

Vanquished Creatures (others)
  2 orcs (D:10)
  2 foxfires (Swamp:1)
4 creatures vanquished.

Grand Total: 681 creatures vanquished

Table legend: (Time is in decaauts)
 A = Elapsed time spent in this place.
 B = Non-inter-level travel time spent in this place.
 C = Inter-level travel time spent in this place.
 D = Time resting spent in this place.
 E = Time spent auto-exploring this place.
 F = Levels seen in this place.
 G = Mean time per level.
                   A        B        C        D        E       F      G
               +--------+--------+--------+--------+--------+-----+--------+
         Total |  53068 |  50526 |   2542 |  23321 |  14305 |  23 | 2307.3 |
       Dungeon |  21246 |  19838 |   1408 |   6380 |   5865 |  12 | 1770.5 |
        Temple |     42 |     24 |     18 |      0 |     14 |   1 |   42.0 |
          Lair |  22899 |  21888 |   1011 |  11257 |   7148 |   5 | 4579.8 |
         Swamp |   1149 |   1142 |      7 |    807 |     33 |   1 | 1149.0 |
  Orcish Mines |   5375 |   5278 |     97 |   3572 |    860 |   2 | 2687.5 |
         Sewer |    466 |    466 |      0 |     34 |    107 |   1 |  466.0 |
      Ice Cave |   1889 |   1889 |      0 |   1269 |    276 |   1 | 1889.0 |
               +--------+--------+--------+--------+--------+-----+--------+

Top non-repeatable levels by time:
  Lair:2: 6571 daAuts
  Lair:4: 5860 daAuts
  Lair:3: 4948 daAuts
     D:5: 3648 daAuts
  Lair:5: 3549 daAuts
   Orc:1: 3267 daAuts
    D:10: 2444 daAuts
   Orc:2: 2108 daAuts
    D:11: 2072 daAuts
     D:8: 2017 daAuts
  Lair:1: 1969 daAuts
   IceCv: 1889 daAuts
     D:1: 1815 daAuts
     D:7: 1738 daAuts
     D:9: 1685 daAuts

Table legend:
 A = Non-vault XP
 B = Vault XP
 C = Vault XP percentage of total XP
 D = Non-vault monster count
 E = Vault monster count
 F = Vault count percentage of total count
                 A         B        C        D         E       F
            +---------+---------+-------+---------+---------+-------
      Total |   79043 |   48159 |  37.9 |     430 |     247 |  36.5
            +---------+---------+-------+---------+---------+-------
        D:1 |      44 |       0 |   0.0 |      25 |       0 |   0.0
        D:2 |      46 |       4 |   8.0 |      16 |       2 |  11.1
        D:3 |     282 |     353 |  55.6 |      28 |       3 |   9.7
        D:4 |     429 |      30 |   6.5 |      24 |      24 |  50.0
        D:5 |     296 |    1075 |  78.4 |      17 |      13 |  43.3
        D:6 |     623 |       0 |   0.0 |      16 |       0 |   0.0
        D:7 |    1319 |     698 |  34.6 |      17 |       2 |  10.5
        D:8 |    1194 |     136 |  10.2 |       7 |       2 |  22.2
        D:9 |    1690 |     231 |  12.0 |      34 |      22 |  39.3
       D:10 |    3322 |     855 |  20.5 |      20 |       2 |   9.1
       D:11 |    2763 |     133 |   4.6 |      10 |       1 |   9.1
       D:12 |    2293 |    1591 |  41.0 |       9 |      23 |  71.9
     Lair:1 |    4173 |     868 |  17.2 |      14 |       1 |   6.7
     Lair:2 |    6382 |    3300 |  34.1 |      19 |       7 |  26.9
     Lair:3 |    7934 |     759 |   8.7 |      25 |       1 |   3.8
     Lair:4 |   11708 |    6868 |  37.0 |      31 |      20 |  39.2
     Lair:5 |   20961 |    7943 |  27.5 |      54 |      25 |  31.6
    Swamp:1 |    9119 |       0 |   0.0 |      14 |       0 |   0.0
      Orc:1 |    3195 |    3677 |  53.5 |      31 |       9 |  22.5
      Orc:2 |    1270 |   15525 |  92.4 |      19 |      39 |  67.2
      Sewer |       0 |     404 | 100.0 |       0 |      23 | 100.0
      IceCv |       0 |    3709 | 100.0 |       0 |      28 | 100.0
            +---------+---------+-------+---------+---------+-------
